 Dungeon Crawl Stone Soup version 0.24.0-2-g5b39cebb1c (webtiles) character file.

Game seed: 14786974450147698295, levelgen mode: deterministic

2368 inmateoo the Feline Aeon (level 9, -3/40 HPs)
             Began as a Felid Transmuter on Oct 31, 2019.
             Was the Champion of Cheibriados.
             Slain by a skeletal warrior
             ... wielding a +0 battleaxe
              (27 damage)
             ... on level 11 of the Dungeon.
             The game lasted 00:21:43 (13636 turns).

inmateoo the Feline Aeon (Felid Transmuter)        Turns: 13636, Time: 00:21:43

Health: -3/40      AC:  2    Str: 21    XL:     9   Next: 21%
Magic:  15/17      EV: 25    Int: 37    God:    Cheibriados [******]
Gold:   728        SH:  0    Dex: 31    Spells: 2/17 levels left
                                        Lives:  0   Deaths: 3

rFire    . . .     SeeInvis +     - Unarmed
rCold    . . .     Gourm    .   (shield unavailable)
rNeg     . . .     Faith    .   (armour unavailable)
rPois    .         Spirit   .   (helmet unavailable)
rElec    .         Reflect  .   (cloak unavailable)
rCorr    .         Harm     .   (gloves unavailable)
MR       +....                  (boots unavailable)
Stlth    +++++.....             (no amulet)
HPRegen  0.13/turn              p - ring of wizardry
MPRegen  0.15/turn              j - +3 ring of intelligence

@: very slow
A: very small, no armour, no weapons or thrown items, stealth, claws 1, fangs 3,
see invisible, carnivore, speed 1, shaggy fur 2, slow metabolism 1, sharp paws
a: Bend Time, Temporal Distortion, Slouch, Step From Time, Renounce Religion


You were on level 11 of the Dungeon.
You worshipped Cheibriados.
Cheibriados was exalted by your worship.
You were not hungry.

You visited 1 branch of the dungeon, and saw 11 of its levels.

You collected 728 gold pieces.

Inventory:

Missiles
 a - 151 arrows
Jewellery
 e - an uncursed ring of flight
 g - a +1 ring of evasion {unknown}
 j - a +3 ring of intelligence (right paw)
 m - a +3 ring of dexterity
 p - a ring of wizardry (left paw)
 A - an uncursed ring of protection from magic
Wands
 n - a wand of digging (10)
 o - a wand of flame (46)
 u - a wand of scattershot (6)
 v - a wand of polymorph (7)
 z - a wand of paralysis (9)
Scrolls
 h - a scroll of magic mapping
 k - 3 scrolls of teleportation
 r - a scroll of amnesia
 t - 2 scrolls of remove curse
 x - 2 scrolls of identify
Potions
 b - 2 potions of heal wounds
 d - a potion of mutation
 f - 4 potions of curing
 i - 2 potions of might
 l - 2 potions of lignification
 q - 2 potions of flight
 s - 2 potions of brilliance
 w - a potion of ambrosia
 B - a potion of resistance
Miscellaneous
 C - a phantom mirror
Comestibles
 c - 22 rations


   Skills:
 + Level 4.9 Fighting
 * Level 6.1 Dodging
 - Level 6.0 Stealth
 * Level 5.8 Unarmed Combat
 + Level 4.8 Spellcasting
 + Level 6.1 Transmutations
 - Level 4.0 Ice Magic
 + Level 8.8 Invocations
 * Level 4.1 Evocations


You had 2 spell levels left.
You knew the following spells:

 Your Spells              Type           Power        Failure   Level  Hunger
a - Beastly Appendage     Tmut           ######       1%          1    None
b - Sticks to Snakes      Tmut           ######..     1%          2    None
c - Spider Form           Tmut/Pois      ####......   1%          3    None
d - Ice Form              Ice/Tmut       #####...     1%          4    ###....
e - Blade Hands           Tmut           ######....   3%          5    #####..

Your spell library contained the following spells:

 Spells                   Type           Power        Failure   Level  Hunger
 Confusing Touch          Hex            #.....       1%          1    None
 Magic Dart               Conj           #...         1%          1    None
 Blink                    Tloc           N/A          2%          2    None
 Call Imp                 Summ           #.......     2%          2    None
 Slow                     Hex            #.......     2%          2    None
 Confuse                  Hex            #.......     4%          3    None
 Conjure Flame            Conj/Fire      #.......     4%          3    None
 Gell's Gravitas          Tloc           #.........   4%          3    None
 Mephitic Cloud           Conj/Pois/Air  #.......     4%          3    None
 Petrify                  Tmut/Erth      ####....     4%          4    ###....
 Yara's Violent Unravell  Hex/Tmut       ####......   12%         5    #####..
 Metabolic Englaciation   Hex/Ice        ###.......   17%         5    #####..


Dungeon Overview and Level Annotations

Branches:
Dungeon (11/15)            Temple (0/1) D:4            Lair (0/6) D:11
    Orc (0/2) D:10

Altars:
Cheibriados
Dithmenos
Fedhas
Hepliaklqana
Makhleb
Nemelex Xobeh
Qazlal
Sif Muna
Uskayaw
Vehumet
Yredelemnul
Zin
The Shining One

Shops:
D:6 }

Annotations:
D:9 exclusion: door


Innate Abilities, Weirdness & Mutations

You cannot wear armour.
You are incapable of wielding weapons or throwing items.
Your paws allow you to move quietly. (Stealth)
You have sharp claws.
You have razor-sharp teeth.
You have supernaturally acute eyesight. (SInv)
You are carnivorous and can eat meat at any time.
You cover ground quickly.
You are covered in thick fur. (AC +2)
You have a slow metabolism.
Your sharp claws are effective at attacking unaware monsters.


Message History

Press: ? - help, Shift-Dir - straight line, f/p - skeletal warrior
Aim: a skeletal warrior, wielding a +0 battleaxe (lightly damaged) Really scattershot near your adders?
The burst of metal fragments hits the skeletal warrior but does no damage.
The burst of metal fragments hits your adder!
You kill your adder!
The burst of metal fragments hits the skeletal warrior but does no damage. x6
The skeletal warrior is lightly damaged.
The skeletal warrior hits you with a +0 battleaxe!!
Ouch! That really hurt!
* * * LOW HITPOINT WARNING * * *
The skeletal warrior barely misses your adder.
Your adder closely misses the skeletal warrior.
Unknown command.
Unknown command.
Okay, then.
You feel much better.
The skeletal warrior hits you with a +0 battleaxe!!
Ouch! That really hurt!
You die...

#.......>.....#...#....#....†
##.............#...#....#.....
#...########..##.#.#.#########
#........#....#..#...#........
#........#....#..#...#..<.....
##.......#....#..#...#........
#....#..#...S#..#####......).
#....#..#...z#..#............
##...#......@#..#...#########
#...........#..#...#...#....
#...[..........#.......#....
................#.......#....
.#..............#.......#....
############################


You could see a skeletal warrior and a friendly adder.

Vanquished Creatures
  Joseph (D:8)
  A troll (D:11)
  A slime creature (D:11)
  A hippogriff (D:9)
  A wyvern (D:8)
  A hog (D:8)
  A hungry ghost (D:9)
  A water moccasin (D:11)
  4 orc warriors
  3 sky beasts (D:7)
  An ogre (D:8)
  5 phantoms
  4 centaurs
  3 big kobolds
  5 bullfrogs
  3 scorpions
  5 killer bees
  A wight (D:11)
  3 howler monkeys (D:10)
  A crimson imp (D:6)
  A bullfrog zombie (D:8)
  A centaur zombie (D:6)
  4 orc priests
  3 hounds
  A bullfrog skeleton (D:9)
  3 centaur skeletons
  9 orc wizards
  Natasha (twice) (D:3)
  3 iguanas
  Terence (D:3)
  5 worker ants
  A hound zombie (D:8)
  2 hound skeletons (D:5)
  9 adders
  3 shadow imps
  3 adder zombies
  2 adder skeletons
  3 worms (D:2)
  3 dart slugs (D:2)
  6 leopard geckos
  51 orcs
  3 bats
  2 giant cockroaches
  11 hobgoblins
  11 jackals
  3 quokkas
  2 ball pythons
  4 frilled lizards
  9 goblins
  2 jackal skeletons
  31 kobolds
  8 rats
248 creatures vanquished.

Vanquished Creatures (collateral kills)
  A deep elf mage (D:11)
  2 yaks (D:11)
  A water moccasin (D:3)
  2 orc warriors
  A necrophage (D:9)
  A killer bee (D:11)
  3 wights (D:11)
  A jelly (D:7)
  An orc wizard (D:10)
  An orc priest (D:7)
  Natasha (D:3)
  An adder (D:3)
  9 orcs
  A ball python (D:2)
  A hobgoblin (D:1)
  A quokka (D:7)
  5 kobolds
33 creatures vanquished.

Grand Total: 281 creatures vanquished

Notes
Turn   | Place    | Note
-------+----------+-------------------------------------------
     0 | D:1      | inmateoo the Felid Transmuter began the quest for the Orb.
     0 | D:1      | Reached XP level 1. HP: 9/9 MP: 4/4
   480 | D:1      | Reached skill level 1 in Stealth
   480 | D:1      | Reached XP level 2. HP: 11/12 MP: 4/6
   484 | D:1      | Learned a level 2 spell: Sticks to Snakes
  1429 | D:2      | Reached XP level 3. HP: 12/16 MP: 5/7
  1509 | D:2      | Learned a level 3 spell: Spider Form
  2380 | D:2      | Reached XP level 4. HP: 20/20 MP: 8/8
  3252 | D:2      | Found a snail-covered altar of Cheibriados.
  3513 | D:2      | Became a worshipper of Cheibriados the Contemplative
  3970 | D:3      | Reached XP level 5. HP: 16/24 MP: 3/9
  4318 | D:3      | Noticed Natasha
  4331 | D:3      | Killed Natasha
  4332 | D:3      | Noticed a water moccasin
  4341 | D:3      | Killed a water moccasin
  4341 | D:3      | Reached * piety under Cheibriados
  4573 | D:3      | Found a sparkling altar of Nemelex Xobeh.
  4573 | D:3      | Found a hazy altar of Hepliaklqana.
  4616 | D:3      | Gained mutation: You are covered in thick fur. (AC +2)
                  | [Felid growth]
  4616 | D:3      | Reached XP level 6. HP: 28/28 MP: 7/10
  4718 | D:3      | Noticed Natasha
  4726 | D:3      | Killed Natasha
  4726 | D:3      | Reached skill level 5 in Stealth
  4731 | D:3      | Noticed Natasha
  4738 | D:3      | Killed Natasha
  5006 | D:3      | Noticed Terence
  5012 | D:3      | Killed Terence
  5340 | D:4      | Found a hide-covered altar of Uskayaw.
  5581 | D:4      | Found a staircase to the Ecumenical Temple.
  5778 | D:4      | Reached ** piety under Cheibriados
  6133 | D:4      | Found a burning altar of Makhleb.
  6181 | D:5      | Entered Level 5 of the Dungeon
  6242 | D:5      | Learned a level 4 spell: Ice Form
  6281 | D:5      | Reached skill level 1 in Invocations
  6281 | D:5      | Reached XP level 7. HP: 17/32 MP: 8/11
  6557 | D:5      | Reached skill level 1 in Ice Magic
  7366 | D:5      | Reached skill level 2 in Invocations
  7608 | D:6      | Found a glowing silver altar of Zin.
  7699 | D:6      | Found Sailat's Gadget Boutique.
  7728 | D:6      | Reached XP level 8. HP: 36/36 MP: 13/13
  7944 | D:6      | Noticed a cyclops
  8240 | D:6      | HP: 1/43 [phantom (9)]
  8242 | D:6      | Mangled by a phantom
  8243 | D:6      | Reached XP level 7. HP: -6/38 MP: 9/13
  8309 | D:6      | Reached skill level 5 in Unarmed Combat
  8624 | D:7      | Reached *** piety under Cheibriados
  8979 | D:7      | Reached skill level 3 in Invocations
  9030 | D:7      | Reached XP level 8. HP: 17/36 MP: 4/15
  9352 | D:7      | Reached skill level 5 in Transmutations
  9355 | D:7      | Reached skill level 4 in Invocations
  9993 | D:8      | Noticed Joseph
 10003 | D:8      | Killed Joseph
 10003 | D:8      | Reached skill level 6 in Invocations
 10053 | D:8      | Reached **** piety under Cheibriados
 10053 | D:8      | Reached skill level 7 in Invocations
 10053 | D:8      | Reached XP level 9. HP: 18/39 MP: 6/16
 10059 | D:8      | HP: 1/46 [killer bee (5)]
 10062 | D:8      | Mangled by a wyvern
 10063 | D:8      | Reached XP level 8. HP: -9/43 MP: 7/15
 10113 | D:8      | Found a shimmering blue altar of Sif Muna.
 10654 | D:8      | Noticed Maurice
 10664 | D:8      | Noticed Maurice
 10664 | D:8      | Maurice changed into Maurice the hog
 10668 | D:8      | Killed Maurice the hog
 10668 | D:8      | Reached skill level 8 in Invocations
 10692 | D:8      | Found a blossoming altar of Fedhas.
 10714 | D:8      | Learned a level 5 spell: Blade Hands
 10816 | D:8      | Reached skill level 1 in Evocations
 10918 | D:8      | Found a stormy altar of Qazlal.
 10965 | D:8      | Found a basalt altar of Yredelemnul.
 11140 | D:9      | Noticed a hippogriff
 11148 | D:9      | Killed a hippogriff
 11148 | D:9      | Reached XP level 9. HP: 39/39 MP: 16/16
 11259 | D:9      | Found a glowing golden altar of the Shining One.
 11289 | D:9      | Reached ***** piety under Cheibriados
 11495 | D:9      | Found a radiant altar of Vehumet.
 11610 | D:9      | Found a shadowy altar of Dithmenos.
 11875 | D:10     | Entered Level 10 of the Dungeon
 12155 | D:10     | Noticed a troll
 12425 | D:10     | Reached skill level 5 in Dodging
 12440 | D:10     | Found a staircase to the Orcish Mines.
 12664 | D:11     | Noticed a deep elf mage
 12675 | D:11     | Killed a deep elf mage
 13018 | D:11     | Reached ****** piety under Cheibriados
 13084 | D:11     | Found a staircase to the Lair.
 13157 | D:11     | Found the +4 dagger "Morg" {pain, MR+ Int+5}
 13342 | D:11     | Reached XP level 10. HP: 43/43 MP: 10/18
 13349 | D:11     | HP: 2/43 [yak (16)]
 13349 | D:11     | Mangled by a yak
 13350 | D:11     | Reached XP level 9. HP: -6/40 MP: 11/17
 13458 | D:11     | Noticed a troll
 13470 | D:11     | Killed a troll
 13622 | D:11     | Noticed a skeletal warrior
 13622 | D:11     | Noticed a skeletal warrior
 13636 | D:11     | Slain by a skeletal warrior

Levels and vault maps discovered:
D:1:      ncdulo_lavacross, layout_loops_cross, minmay_tetromino_i2
D:2:      minmay_diamond_boxcup, layout_basic, cheibriados_altar_1
D:3:      layout_basic, chequers_temple_overflow_statue_of_worship,
          fountainhead, minmay_fractal_squares_gapless_5, uniq_natasha,
          uniq_terence
D:4:      layout_basic, lightli_temple_of_fire, eat_drink_and_be_merry_uskayaw,
          minmay_temple_entry_hall, first_ration, small_statue_intersection
D:5:      layout_basic
D:6:      layout_basic, nicolae_overflow_hidden_temple, serial_shops,
          kennysheep_mini, lightli_corner_chamber
D:7:      layout_basic
D:8:      layout_cave_pools, grunt_temple_overflow_forces_of_nature,
          marbit_many_paths, lemuel_doored_altar, uniq_maurice, uniq_joseph
D:9:      layout_basic, vehumet_altar_wand_db,
          grunt_dithmenos_smoke_and_mirrors, overflow_temple_1_default,
          hangedman_little_slice_of_home
D:10:     layout_roguey, hiddenorc2_lemuel
D:11:     layout_grid_maze, lair_entry_dummy, minmay_pinched_square

Skill      XL: |  1  2  3  4  5  6  7  8  9 |
---------------+----------------------------+-----
Stealth        | 1 2 3 4 5 6 |  6.0
Fighting       | 2 3 4 |  4.9
Unarmed Combat | 4 5 |  5.8
Transmutations | 3 4 5 6 |  6.1
Invocations    | 1 3 8 |  8.8
Ice Magic      | 4 3 |  4.0
Spellcasting   | 4 |  4.8
Dodging        | 4 6 |  6.1
Evocations     | 2 4 |  4.1

Action                   |  1- 3 |  4- 6 |  7- 9 | 10-12 || total
-------------------------+-------+-------+-------+-------++-------
Melee: Unarmed           |    98 |   229 |   379 |     4 ||   710
       Headbutt          |    10 |     9 |       |       ||    19
       Bite              |     2 |    12 |    18 |     2 ||    34
       Punch             |       |     4 |     5 |       ||     9
 Cast: Beastly Appendage |    13 |     9 |       |       ||    22
       Sticks to Snakes  |     5 |    18 |    44 |       ||    67
       Spider Form       |     4 |     9 |     5 |       ||    18
       Ice Form          |       |       |    30 |       ||    30
       Blade Hands       |       |       |    14 |       ||    14
 Abil: End Transformatio |       |       |     1 |       ||     1
Evoke: Wand              |       |       |    17 |       ||    17
  Use: Scroll            |     2 |    10 |    17 |       ||    29
       Potion            |       |       |     6 |       ||     6
 Stab: Sleeping          |    12 |     9 |    21 |       ||    42
       Distracted        |     1 |       |     2 |       ||     3
       Paralysed         |       |       |     2 |       ||     2
       Invisible         |       |       |     1 |       ||     1
  Eat: Chunk             |     9 |     9 |    24 |       ||    42
Armor: Skin              |     2 |     8 |    63 |       ||    73
Dodge: Dodged            |    71 |   165 |   295 |     4 ||   535
